 Dungeon Crawl Stone Soup version 0.24.0-10-g970556be89 (webtiles) character file.

Game seed: 9114745925101102840, levelgen mode: deterministic

103 Descartes the Gusty (level 4, -8/24 HPs)
             Began as a Tengu Air Elementalist on Nov 4, 2019.
             Mangled by an ice beast (14 damage)
             ... on level 2 of the Dungeon.
             The game lasted 00:04:57 (2141 turns).

Descartes the Gusty (Tengu Air Elementalist)        Turns: 2141, Time: 00:04:58

Health: -8/24      AC:  2    Str:  8    XL:     4   Next: 79%
Magic:  7/9        EV: 13    Int: 16    God:
Gold:   115        SH:  0    Dex: 15    Spells: 7/8 levels left

rFire    . . .     SeeInvis .   a - +0 short sword (venom)
rCold    . . .     Gourm    .   (no shield)
rNeg     . . .     Faith    .   n - +0 robe
rPois    .         Spirit   .   (helmet restricted)
rElec    .         Reflect  .   (no cloak)
rCorr    .         Harm     .   (no gloves)
MR       .....                  (boots unavailable)
Stlth    ++........             (no amulet)
HPRegen  0.08/turn              (no ring)
MPRegen  0.11/turn              (no ring)

@: no status effects
A: beak, talons 3
a: no special abilities


You were on level 2 of the Dungeon.
You were not hungry.

You visited 1 branch of the dungeon, and saw 2 of its levels.

You collected 115 gold pieces.

Inventory:

Hand Weapons
 a - a +0 short sword of venom (weapon)
 b - a +0 hunting sling
Missiles
 g - 33 sling bullets
 m - 9 stones (quivered)
Armour
 d - a +1 plate armour of fire resistance
 n - a +0 robe (worn)
Jewellery
 o - an uncursed ring of see invisible {unknown}
Wands
 j - a wand of paralysis (8)
Scrolls
 i - a scroll of identify {unknown}
 k - a scroll of remove curse {unknown}
Potions
 e - 2 potions of magic {unknown}
 f - 2 potions of curing {unknown}
 h - a potion of mutation {unknown}
 l - a potion of degeneration {unknown}
Comestibles
 c - 2 rations


   Skills:
 + Level 0.0 Armour
 + Level 3.0 Dodging
 + Level 2.8 Stealth
 + Level 2.6 Spellcasting
 + Level 2.8 Conjurations
 + Level 4.7 Air Magic


You had 7 spell levels left.
You knew the following spells:

 Your Spells              Type           Power        Failure   Level  Hunger
a - Shock                 Conj/Air       ##..         4%          1    #......

Your spell library contained the following spells:

 Spells                   Type           Power        Failure   Level  Hunger
 Swiftness                Chrm/Air       #.......     11%         2    ##.....
 Static Discharge         Conj/Air       ##......     12%         3    ###....
 Airstrike                Air            ###.......   26%         4    #####..
 Lightning Bolt           Conj/Air       ##........   75%         5    ######.


Dungeon Overview and Level Annotations

Branches:
Dungeon (2/15)

Altars:
Okawaru

Annotations:
D:2 Jessica


Innate Abilities, Weirdness & Mutations

You have a beak for a mouth.
You have claws for feet.


Message History

Press: ? - help, Shift-Dir - straight line, f/p - ice beast
Aim: an ice beast (heavily wounded)
The zap hits the ice beast.
The ice beast is severely wounded.
The ice beast hits you. The ice beast freezes you!
Ouch! That really hurt!
You hit the ice beast.
The ice beast is poisoned.
You claw the ice beast, but do no damage.
The ice beast is severely wounded.
The ice beast closely misses you.
You hit the ice beast but do no damage. Your peck misses the ice beast.
The ice beast is almost dead.
The ice beast barely misses you.
You hit the ice beast but do no damage. Your kick misses the ice beast.
The ice beast is almost dead.
The ice beast hits you.
* * * LOW HITPOINT WARNING * * *
The ice beast freezes you!
Ouch! That really hurt!
You die...

#.# #.# #.# #.##### #.#
#.# #.....# #.# #.#
#####.# #.# #.# #.# #.#
#.# #######.####.# #.#
.............# #.#
...#######.###########.#
#...........Y@.........#
######.#################
#. .. ###


You could see an ice beast.

Vanquished Creatures
  Natasha (D:2)
  A gnoll (D:1)
  2 adders (D:2)
  2 oozes
  A dart slug (D:1)
  A giant cockroach (D:1)
  5 hobgoblins
  3 jackals (D:2)
  3 kobolds
  A ball python (D:1)
  5 bats (D:1)
  4 frilled lizards
  8 goblins
  4 rats
41 creatures vanquished.

Notes
Turn   | Place    | Note
-------+----------+-------------------------------------------
     0 | D:1      | Descartes the Tengu Air Elementalist began the quest for
                  | the Orb.
     0 | D:1      | Reached XP level 1. HP: 10/10 MP: 4/4
   212 | D:1      | Reached XP level 2. HP: 15/15 MP: 1/6
   631 | D:1      | Reached XP level 3. HP: 19/19 MP: 5/7
  1506 | D:2      | Noticed Jessica
  1557 | D:2      | Reached XP level 4. HP: 19/24 MP: 4/8
  1745 | D:2      | Found an iron altar of Okawaru.
  1876 | D:2      | Noticed Natasha
  1886 | D:2      | Killed Natasha
  2129 | D:2      | Noticed an ice beast
  2141 | D:2      | Mangled by an ice beast

Levels and vault maps discovered:
D:1:      scummos_arrival_simple_fountains, layout_loops_ring
D:2:      layout_loops_ring, serial_bayou, serial_bayou_pond_b,
          serial_bayou_pond_b, serial_bayou_ford_a, serial_bayou_shore_b,
          serial_bayou_lagoon_a, roderic_roman_lattice, okawaru_metal_pillars_3,
          uniq_jessica, uniq_natasha, uniq_robin

Skill      XL: |  1  2  3  4 |
---------------+-------------+-----
Conjurations   | 2 |  2.8
Dodging        | 3 |  3.0
Stealth        | |  2.8
Spellcasting   | |  2.6
Air Magic      | |  4.7

Action                   |  1- 3 |  4- 6 || total
-------------------------+-------+-------++-------
Melee: Short sword       |       |     8 ||     8
       Kick              |       |     2 ||     2
       Peck              |       |     1 ||     1
 Fire: Hunting sling     |     5 |     5 ||    10
 Cast: Shock             |    72 |    15 ||    87
  Eat: Chunk             |     3 |     2 ||     5
Armor: Robe              |     3 |       ||     3
Dodge: Dodged            |    14 |    12 ||    26
